 Dungeon Crawl Stone Soup version 0.28.0-53-g5a82cb258f (webtiles) character file.

Game seed: 9362849927065493707

76 ILmort the Skirmisher (level 4, -1/30 HPs)
             Began as a Gargoyle Fighter on Aug 20, 2022.
             Slain by Crazy Yiuf
             ... wielding a +4 quarterstaff of chaos
              (2 damage)
             ... on level 2 of the Dungeon.
             The game lasted 00:03:28 (2532 turns).

ILmort the Skirmisher (Gargoyle Fighter)            Turns: 2532, Time: 00:03:28

Health: -1/30      AC: 10    Str: 21    XL:     4   Next: 32%
Magic:  2/4        EV:  9    Int:  9    God:
Gold:   69         SH:  5    Dex: 15    Spells: 3/3 levels left

rFire   . . .      SeeInvis .   a - +0 war axe
rCold   . . .      Faith    .   c - +0 buckler
rNeg    + . .      Spirit   .   b - +0 scale mail
rPois   ∞          Reflect  .   (no helmet)
rElec   +          Harm     .   (no cloak)
rCorr   .          Rampage  .   (no gloves)
Will    .....                   (no boots)
Stlth   ..........              (no amulet)
HPRegen 0.10/turn               f - +6 ring of dexterity
MPRegen 0.09/turn               (no ring)

@: no status effects
A: sickness immunity, AC +3, negative energy resistance 1, electricity
resistance, torment resistance 1, petrification resistance
a: no special abilities


You were on level 2 of the Dungeon.
You visited 1 branch of the dungeon, and saw 2 of its levels.

You collected 69 gold pieces.

Inventory:

Hand Weapons
 a - a +0 war axe (weapon)
Armour
 b - a +0 scale mail (worn)
 c - a +0 buckler (worn)
Jewellery
 f - a +6 ring of dexterity (left hand)
Scrolls
 e - a scroll of enchant weapon {unknown}
 g - 2 scrolls of teleportation {unknown}
Potions
 d - a potion of might
 h - a potion of flight {unknown}


   Skills:
 + Level 4.5 Fighting
 + Level 3.1 Axes
 - Level 3.2 Armour
 - Level 3.2 Shields


You had 3 spell levels left.
You didn't know any spells.
Your spell library contained the following spells:

 Spells                   Type           Power      Damage    Failure   Level
 Call Canine Familiar     Summ           0%         N/A       99%         3
 Portal Projectile        Hex/Tloc       0%         N/A       99%         3
 Leda's Liquefaction      Hex/Erth       0%         N/A       100%        4


Dungeon Overview and Level Annotations

Branches:
Dungeon (2/15)

Altars:

Annotations:
D:2 Crazy Yiuf


Innate Abilities, Weirdness & Mutations

You are immune to sickness and miasma.
Your stone body is resilient. (AC +3)
You are immune to poison.
You resist negative energy. (rN+)
You are resistant to electric shocks. (rElec)
You are resistant to unholy torment.
You are immune to petrification.


Message History

The goblin shouts!
Okay, then.
A goblin is nearby!
A quokka comes into view.
You hit the goblin. The goblin completely misses you.
You closely miss the goblin. The goblin barely misses you.
The goblin closely misses you.
You slash the goblin!
You kill the goblin!
You slash the quokka!
You kill the quokka!
Things that are here:
a +0 club; a quokka corpse; a goblin corpse
Found 4 poisoned darts.
You now have 69 gold pieces (gained 12).
You see here 4 poisoned darts.
Things that are here:
a +0 club; a quokka corpse; a goblin corpse
Found an escape hatch in the floor.
Found a stone staircase leading down.
Found a mace.
Found a runed translucent door.
Crazy Yiuf shouts!
You open the door. You barely miss Crazy Yiuf.
Crazy Yiuf hits you with a +4 quarterstaff of chaos.
You suddenly lose the ability to move!
Crazy Yiuf hits you with a +4 quarterstaff of chaos.
You feel your power leaking away.
Crazy Yiuf hits you with a +4 quarterstaff of chaos!
You can move again.
You hit Crazy Yiuf but do no damage.
Crazy Yiuf hits you with a +4 quarterstaff of chaos.
* * * LOW HITPOINT WARNING * * *
Crazy Yiuf freezes you.
* * * LOW HITPOINT WARNING * * *
Crazy Yiuf cries, "Scoff rumpyflump infinity!"
Crazy Yiuf hits you with a +4 quarterstaff of chaos.
* * * LOW HITPOINT WARNING * * *
Crazy Yiuf freezes you.
You die...

..#......#####.## #.# #.
.###............#######.#
#. ##
##.###.##............# .
# ##.##################
## ##.## .###.##
#.#.######♣♣ ###
##.####.#..♣♣ ♣♣#..)#
######....P.♣♣♣♣@g...#
..........PP.♣..♣#...#
#######.#...♣.♣♣♣ ###
#.##♣♣♣♣♣ #.# #># ..# #.#
#.#


You could see Crazy Yiuf.

Vanquished Creatures
  2 adders (D:2)
  A worm (D:2)
  A dart slug (D:1)
  7 ball pythons
  3 bats
  4 endoplasms
  2 giant cockroaches
  4 goblins
  3 hobgoblins
  2 jackals (D:1)
  7 quokkas
  2 frilled lizards (D:1)
  5 kobolds
  5 rats
48 creatures vanquished.

Notes
Turn   | Place    | Note
-------+----------+-------------------------------------------
     0 | D:1      | ILmort the Gargoyle Fighter began the quest for the Orb.
     0 | D:1      | Reached XP level 1. HP: 14/14 MP: 1/1
   369 | D:1      | Reached XP level 2. HP: 4/19 MP: 2/2
   682 | D:1      | Found a faded altar of an unknown god.
  1260 | D:1      | Reached XP level 3. HP: 24/24 MP: 3/3
  1280 | D:1      | Reached skill level 4 in Fighting
  2271 | D:2      | Reached XP level 4. HP: 30/30 MP: 4/4
  2524 | D:2      | Found a runed translucent door.
  2525 | D:2      | Noticed Crazy Yiuf
  2529 | D:2      | Paralysed by Crazy Yiuf for 3 turns
  2532 | D:2      | HP: 1/30 [Crazy Yiuf/+4 quarterstaff of chaos (5)]
  2532 | D:2      | Slain by Crazy Yiuf

Illustrated notes

Levels and vault maps discovered:
D:1:      ncdulo_watergridlock, layout_basic,
          shapermc_ecumenical_altar_notcrosses
D:2:      layout_loops_ring, serial_park_tiny_pond, minmay_pentomino_s2,
          uniq_crazy_yiuf_cottage

Skill      XL: |  1  2  3  4 |
---------------+-------------+-----
Axes           | 2 3 |  3.1
Fighting       | 4 |  4.5
Armour         | |  3.2
Shields        | |  3.2

Action                   |  1- 3 |  4- 6 || total
-------------------------+-------+-------++-------
Melee: War axe           |    95 |    19 ||   114
Armor: Scale mail        |    57 |     9 ||    66
Dodge: Dodged            |    32 |    10 ||    42
Block: Buckler           |    13 |     4 ||    17
